 Dungeon Crawl Stone Soup version 0.20-a0-555-gf6ae02d (webtiles) character file.

39 Kiturien the Skirmisher (level 3, -2/33 HPs)
             Began as a Hill Orc Fighter on Feb 8, 2017.
             Slain by a small abomination (7 damage)
             ... created by the touch of Lugonu
             ... on level 1 of the Abyss.
             The game lasted 00:04:23 (1406 turns).

Kiturien the Skirmisher (Hill Orc Fighter)          Turns: 1406, Time: 00:04:23

Health: -2/33      AC:  9    Str: 19    XL:     3   Next: 47%
Magic:  3/3        EV:  7    Int:  8    God:
Gold:   106        SH:  9    Dex: 10    Spells: 2/2 levels left

rFire    . . .     SeeInvis .   a - +0 war axe
rCold    . . .     Gourm    .   b - +0 scale mail
rNeg     . . .     Faith    .   c - +0 shield
rPois    .         Spirit   .   (no helmet)
rElec    .         Reflect  .   (no cloak)
rCorr    .         Harm     .   i - +0 pair of gloves
MR       .....                  k - +0 pair of boots
Stlth    ..........             (no amulet)
Regen    0.2/turn               (no ring)
                                (no ring)

@: no status effects
A: no striking features
a: no special abilities


You were on level 1 of the Abyss.
You were hungry.

You visited 1 branch of the dungeon, and saw 2 of its levels.
You visited the Abyss 1 time.

You collected 106 gold pieces.

Inventory:

Hand Weapons
 a - a +0 war axe (weapon)
Armour
 b - a +0 scale mail (worn)
 c - a +0 shield (worn)
 i - a +0 pair of gloves (worn)
 k - a +0 pair of boots (worn)
Scrolls
 e - 2 scrolls of random uselessness {unknown}
 g - a scroll of blinking {unknown}
 o - a scroll of magic mapping {unknown}
Potions
 d - a potion of might
 h - a potion of brilliance {unknown}
 j - a potion of heal wounds {unknown}
 l - a potion of curing {unknown}
 m - a potion of lignification {unknown}
Comestibles
 f - a bread ration
 n - a royal jelly


   Skills:
 + Level 4.0 Fighting
 + Level 3.6 Axes
 + Level 3.5 Armour
 * Level 0.4 Dodging
 + Level 3.5 Shields


You had 2 spell levels left.
You didn't know any spells.

Dungeon Overview and Level Annotations

Branches:
Dungeon (2/15)

Altars:
Lugonu


Message History

There is an empty arch of ancient stone here.
There is nothing on the other side of the stone arch.
There is nothing on the other side of the stone arch.
You feel sick.
You are no longer poisoned.
Lugonu sends minions to punish you.
A small abomination comes into view.
You block the small abomination's attack.
Found a runed quarterstaff.
Found a scroll labeled NOISSO YKHEP.
Found 18 stones.
The small abomination barely misses you.
Things that are here:
a scroll labeled NOISSO YKHEP; a club You block the small abomination's attack.
The small abomination hits you!
* * * LOW HITPOINT WARNING * * *
Found 37 gold pieces.
The small abomination hits you!
You die...

####.#. ####.# ##
.).....##.#### +
#.#... ..# # . #
..##.####.# .
##........#.####
.##......#.'.#..
. ..........###.#
..#
##....?....#.####
#....#..#x@....#
#.(.....######.#
#........#
#.....##.#
###...# .# #...#
$# #.#. ..


You could see a small abomination.

Vanquished Creatures
  A dart slug (D:2)
  A leopard gecko (D:1)
  3 bats
  A giant cockroach (D:2)
  7 goblins
  4 hobgoblins
  4 jackals (D:2)
  4 kobolds
  5 frilled lizards
  4 rats
34 creatures vanquished.

Notes
Turn   | Place    | Note
-------+----------+-------------------------------------------
     0 | D:1      | Kiturien the Hill Orc Fighter began the quest for the Orb.
     0 | D:1      | Reached XP level 1. HP: 19/19 MP: 1/1
   311 | D:1      | Reached XP level 2. HP: 24/27 MP: 2/2
   747 | D:2      | Found a faded altar of an unknown god.
   752 | D:2      | Reached XP level 3. HP: 32/33 MP: 3/3
   769 | D:2      | Became a worshipper of Lugonu the Unformed
   769 | D:2      | Reached * piety under Lugonu
   769 | D:2      | Reached ** piety under Lugonu
   780 | D:2      | Fell from the grace of Lugonu
  1138 | D:2      | Reached skill level 4 in Fighting
  1372 | D:2      | Noticed a thrashing horror
  1372 | D:2      | Cast into level 1 of the Abyss (Lugonu's touch)
  1388 | Abyss:1  | Noticed a small abomination
  1406 | Abyss:1  | Slain by a small abomination

Vault maps used:
D:1:      saegor_arrival_simple_c
D:2:      chequers_ecumenical_altar_simple
Abyss:1:  evilmike_abyss_exit_12

Skill      XL: |  1  2  3 |
---------------+----------+-----
Axes           | 3 |  3.6
Fighting       | 4 |  4.0
Armour         | |  3.5
Dodging        | |  0.4
Shields        | |  3.5

Action                   || total
-------------------------++-------
Melee: War axe           ||   131
Invok: Renounce Religion ||     1
  Eat: Chunk             ||     1
Armor: Scale mail        ||    68
Dodge: Dodged            ||    46
Block: Shield            ||    86
